 Dungeon Crawl Stone Soup version 0.18.1-48-g4cf74bf (webtiles) character file.

43 sarahorange the Conjurer (level 3, 0/19 HPs)
             Began as a Tengu Conjurer on Aug 16, 2016.
             Slain by Ijyb
             ... wielding a +0 dagger
              (2 damage)
             ... on level 1 of the Dungeon.
             The game lasted 00:15:39 (1904 turns).

sarahorange the Conjurer (Tengu Conjurer)           Turns: 1904, Time: 00:15:40

Health: 0/19       AC:  2    Str:  8    XL:     3   Next: 58%
Magic:  1/7        EV: 12    Int: 16    God:
Gold:   68         SH:  0    Dex: 14    Spells: 3 memorised, 0 levels left

rFire  . . .     SeeInvis .     d - +0 mace
rCold  . . .     Gourm    .     a - +0 robe
rNeg   . . .     Faith    .     (no shield)
rPois  .         Spirit   .     (helmet restricted)
rElec  .         Dismiss  .     (no cloak)
rCorr  .         Reflect  .     (no gloves)
SustAt .         Harm     .     (boots unavailable)
MR     .....                    (no amulet)
Stlth  ++........               (no ring)
                                (no ring)

@: not resistant to hostile enchantments, unstealthy
A: beak, talons 3
a: no special abilities


You were on level 1 of the Dungeon.
You were hungry.

You visited 1 branch of the dungeon, and saw 2 of its levels.

You collected 68 gold pieces.

Inventory:

Hand Weapons
 d - a +0 mace (weapon)
Missiles
 f - 21 poisoned needles
 j - 94 stones (quivered)
Armour
 a - a +0 robe (worn)
Jewellery
 h - an uncursed ring of sustain attributes {unknown}
 k - an uncursed ring of protection from fire {unknown}
Scrolls
 e - a scroll of blinking {unknown}
 i - a scroll of magic mapping {unknown}
 m - a scroll of teleportation {unknown}
 n - a scroll of random uselessness {unknown}
Potions
 g - a potion of flight {unknown}
 o - a potion of haste {unknown}
 q - a potion of magic {unknown}
Books
 b - a book of Conjurations

   Spells                             Type                      Level
   a - Magic Dart                     Conjuration                  1
   b - Searing Ray                    Conjuration                  2
   c - Dazzling Spray                 Conjuration/Hexes            3
   d - Fulminant Prism                Conjuration/Hexes            4
   e - Iskenderun's Mystic Blast      Conjuration                  4
   f - Iskenderun's Battlesphere      Conjuration/Charms           5
Comestibles
 c - 2 bread rations
 l - a beef jerky
 p - 3 chunks of flesh


   Skills:
 + Level 2.3 Dodging
 + Level 2.2 Stealth
 + Level 2.2 Spellcasting
 + Level 6.5 Conjurations


You couldn't memorise any spells.
You knew the following spells:

 Your Spells              Type           Power        Failure   Level  Hunger
a - Magic Dart            Conj           ###.         1%          1    #......
b - Searing Ray           Conj           ###...       1%          2    ###....
c - Dazzling Spray        Conj/Hex       ##....       17%         3    ###....


Dungeon Overview and Level Annotations

Branches:
Dungeon (2/15)

Altars:

Annotations:
D:1 Ijyb


Innate Abilities, Weirdness & Mutations

You have a beak for a mouth.
You have claws for feet.


Message History

Ijyb is almost dead.
Ijyb hits you with a dagger.
* * * LOW HITPOINT WARNING * * *
Ijyb closely misses you.
You closely miss Ijyb. Your kick misses Ijyb.
Ijyb is almost dead.
Ijyb misses you.
You hit Ijyb but do no damage. You claw Ijyb, but do no damage.
Your peck misses Ijyb.
Ijyb is almost dead.
Ijyb hits you but does no damage.
You closely miss Ijyb. Your kick misses Ijyb.
Ijyb is almost dead.
Ijyb hits you with a dagger.
* * * LOW HITPOINT WARNING * * *
Ijyb closely misses you.
You closely miss Ijyb.
Ijyb is almost dead.
Ijyb hits you with a dagger.
You die...

......##.#.#.#..####.##'##
......##.#[#.#.....#.##.#########
......'............'....>........
##....##.#.........#......#######
.[.......#................##.....
...#'###.#......##.##.....##.####
####.#####..........+.....##.#
...........##.####.##.....##.#
####...........g@#)##.....##.#
#........#.##.##+#.##.....##.#
#.######.#.##.#...######.....#
.....# #.#.##.#...######..####
#.##.###.#.............#..###
.........+.............'....#
.g##.###.#.............#..#.#
..##.# #.#.##..........#..#.#
#.##.###...............#..#.#


You could see Ijyb.

Vanquished Creatures
  2 worms (D:2)
  A giant gecko (D:1)
  5 bats
  2 giant cockroaches (D:1)
  4 goblins
  4 hobgoblins
  6 jackals
  A ball python (D:2)
  A giant newt (D:1)
  3 kobolds
  4 rats
33 creatures vanquished.

Notes
Turn   | Place    | Note
--------------------------------------------------------------
     0 | D:1      | sarahorange the Tengu Conjurer began the quest for the Orb.
     0 | D:1      | Reached XP level 1. HP: 10/10 MP: 4/4
   385 | D:1      | Reached XP level 2. HP: 15/15 MP: 1/6
   571 | D:1      | Learned a level 2 spell: Searing Ray
   672 | D:1      | Reached skill level 6 in Conjurations
  1202 | D:2      | Reached XP level 3. HP: 19/19 MP: 3/7
  1594 | D:2      | Learned a level 3 spell: Dazzling Spray
  1775 | D:2      | Noticed Ijyb
  1904 | D:1      | Slain by Ijyb

Skill      XL: |  1  2 |
---------------+-------+-----
Conjurations   | 6 |  6.5
Dodging        | |  2.3
Stealth        | |  2.2
Spellcasting   | |  2.2

Action                   || total
-------------------------++-------
Melee: Mace              ||    28
       Kick              ||     9
       Peck              ||     6
Throw: Stone             ||     2
 Cast: Magic Dart        ||    52
       Searing Ray       ||     8
       Dazzling Spray    ||     1
  Eat: Chunk             ||     4
Armor: Robe              ||    10
Dodge: Dodged            ||    34
